 Dungeon Crawl Stone Soup version 0.28.0-43-g3370ac3207 (webtiles) character file.

Game seed: 2538549483219278395

2077 smarlow the Covert (level 9, -1/44 HPs)
             Began as a Spriggan Enchanter on Mar 8, 2022.
             Shot with a bolt by an orc (16 damage)
             ... in a bailey.
             The game lasted 00:23:51 (10781 turns).

smarlow the Covert (Spriggan Enchanter)            Turns: 10781, Time: 00:23:53

Health: -1/44      AC:  3    Str:  4    XL:     9   Next: 6%
Magic:  18/21      EV: 20    Int: 25    God:
Gold:   308        SH:  5    Dex: 17    Spells: 10/23 levels left

rFire   + . .      SeeInvis +   a - +1 dagger
rCold   + . .      Faith    .   (no shield)
rNeg    . . .      Spirit   .   A - +1 robe {rF+}
rPois   .          Reflect  +   (helmet restricted)
rElec   .          Harm     .   (no cloak)
rCorr   .          Rampage  .   (gloves unavailable)
Will    +....                   (boots unavailable)
Stlth   +++++.....              j - amulet of reflection
HPRegen 0.14/turn               k - +6 ring of intelligence
MPRegen 0.17/turn               z - ring of protection from cold

@: confusing by touch, very quick
A: very small, no large weapons, unfitting armour, see invisible, speed 3
a: no special abilities


You were in a bailey.
You visited 1 branch of the dungeon, and saw 7 of its levels.
You also visited: Bailey.

You collected 308 gold pieces.

Inventory:

Hand Weapons
 a - a +1 dagger (weapon)
Armour
 A - a +1 robe of fire resistance (worn)
Jewellery
 j - an amulet of reflection (around neck)
 k - a +6 ring of intelligence (left hand)
 l - a ring of ice
 z - a ring of protection from cold (right hand)
Wands
 u - a wand of iceblast (8)
 x - a wand of digging (6)
 y - a wand of charming (11)
Scrolls
 g - 4 scrolls of identify {unknown}
 i - 2 scrolls of amnesia {unknown}
 m - a scroll of magic mapping {unknown}
 o - 4 scrolls of teleportation
 p - 3 scrolls of enchant armour {unknown}
 q - 2 scrolls of immolation {unknown}
 r - 2 scrolls of enchant weapon {unknown}
 t - a scroll of fog {unknown}
Potions
 c - 4 potions of invisibility
 d - 3 potions of curing {unknown}
 e - 2 potions of brilliance {unknown}
 f - 4 potions of lignification {unknown}
 h - a potion of attraction {unknown}
 n - a potion of mutation {unknown}
 s - 2 potions of heal wounds {unknown}
 v - a potion of degeneration {unknown}
 w - 2 potions of berserk rage {unknown}


   Skills:
 + Level 3.4 Fighting
 - Level 1.6 Short Blades
 + Level 6.0 Dodging
 * Level 10.3 Stealth
 * Level 7.8 Spellcasting
 + Level 1.6 Conjurations
 + Level 6.0 Hexes
 + Level 2.0 Air Magic


You had 10 spell levels left.
You knew the following spells:

 Your Spells              Type           Power      Damage    Failure   Level
a - Ensorcelled Hibernat  Hex/Ice        48%        N/A       2%          2
b - Confusing Touch       Hex            40%        N/A       1%          3
c - Tukima's Dance        Hex            40%        N/A       1%          3
d - Lightning Bolt        Conj/Air       9%         1d21      63%         5

Your spell library contained the following spells:

 Spells                   Type           Power      Damage    Failure   Level
 Dazzling Flash           Conj/Hex       58%        N/A       3%          3
 Static Discharge         Conj/Air       18%        N/A       4%          2
 Portal Projectile        Hex/Tloc       48%        N/A       5%          3
 Corpse Rot               Necr/Air       28%        N/A       6%          2
 Poisonous Vapours        Pois/Air       28%        N/A       6%          2
 Call Canine Familiar     Summ           9%         N/A       19%         3
 Leda's Liquefaction      Hex/Erth       12%        N/A       19%         4
 Maxwell's Capacitive Co  Air            9%         ∞         100%        8


Dungeon Overview and Level Annotations

Branches:
Dungeon (7/15)             Bailey (1/1)
 Temple: D:4-7

Altars:
Nemelex Xobeh
Qazlal
Vehumet

Shops:
D:1 =   D:3 (

Annotations:
D:5 Eustachio, Prince Ribbit


Innate Abilities, Weirdness & Mutations

You are very small and have problems with some larger weapons.
You are too small for most types of armour.
You have supernaturally acute eyesight. (SInv)
You cover ground extremely quickly. (Speed+++)


Message History

Items here: ( ) [ †.
There is a gate leading back out of this place here.
Items here: ( ) [ ÷.
An orc comes into view. It is wielding a +0 arbalest.
Found a gate leading back out of this place.
An orc and an orc warrior come into view.
The helpless orc fails to defend itself.
You skewer the orc like a kebab!!!
You kill the orc!
Things that are here:
a +0 arbalest; 20 bolts; a +0 scale mail The helpless orc fails to defend itself.
You perforate the orc like a sieve!!!
You kill the orc!
The helpless orc warrior fails to defend itself.
You spit the orc warrior like a pig!!!
You kill the orc warrior!
Your Dodging skill increases to level 6!
Your Air Magic skill increases to level 2!
Things that are here:
a +0 arbalest; 21 bolts; a +0 scale mail
Found a gate leading back out of this place. 2 orcs come into view.
An orc comes into view. It is wielding a +0 arbalest.
The orc shouts! x3
The orc shoots a bolt.
The bolt hits you!
The orc curses to no one in particular.
The orc shoots a bolt.
The bolt misses you.
The orc shoots a bolt.
You reflect the bolt off an invisible shield around you!
The bolt hits the orc.
The orc shoots a bolt.
You reflect the bolt off an invisible shield around you!
The bolt barely misses the orc.
The orc shoots a bolt.
The bolt hits you!
Casting: Ensorcelled Hibernation (safe; 2% risk of failure)
Confirm with . or Enter, or press ? or * to list all spells.
Your hands begin to glow red.
The orc shoots a bolt.
You reflect the bolt off an invisible shield around you!
The bolt closely misses the orc.
The orc shoots a bolt.
The bolt hits you.
The orc shoots a bolt.
The bolt hits you!
You die...

#...........
#...........
#...........
##...........
#............
##............
##.............
#...≈≈≈.≈≈.....
....≈##@#≈≈....
....≈#∩.##≈....
......ooo ≈....
....≈##.##≈....
....≈ ### ....
.... ≈≈≈ ...
... ... ... ...


You could see 3 orcs.

Vanquished Creatures
  A manticore (D:7)
  2 orc warriors (Bailey)
  An ice beast (D:6)
  A centaur (D:6)
  3 ogres
  A phantom (D:4)
  Blork the orc (D:6)
  2 scorpions
  A water moccasin zombie (D:5)
  A water moccasin skeleton (D:5)
  Crazy Yiuf (D:2)
  A bullfrog skeleton (D:5)
  2 hounds (D:6)
  6 orc priests
  A gnoll shaman (D:7)
  3 iguanas (D:4)
  4 orc wizards
  A hound zombie (D:5)
  A mummy (D:4)
  7 gnolls
  An adder (D:2)
  An ufetubus (D:4)
  3 worms
  3 dart slugs
  18 orcs
  6 ball pythons
  7 endoplasms
  5 giant cockroaches
  9 goblins
  2 hobgoblins
  10 jackals
  7 kobolds
  5 quokkas
  7 bats
  3 frilled lizards
  A hobgoblin zombie (D:4)
  3 kobold zombies (D:4)
  6 rats
138 creatures vanquished.

Vanquished Creatures (collateral kills)
  4 goblins (D:7)
4 creatures vanquished.

Vanquished Creatures (others)
  A fungus (D:3)
1 creature vanquished.

Grand Total: 143 creatures vanquished

Notes
Turn   | Place    | Note
-------+----------+-------------------------------------------
     0 | D:1      | smarlow the Spriggan Enchanter began the quest for the Orb.
     0 | D:1      | Reached XP level 1. HP: 9/9 MP: 5/5
   436 | D:1      | Reached XP level 2. HP: 14/14 MP: 7/7
  1255 | D:1      | Reached skill level 5 in Stealth
  1454 | D:1      | Found Vetwisaq's Jewellery Boutique.
  1489 | D:1      | Reached skill level 1 in Fighting
  1700 | D:1      | Learned a level 2 spell: Ensorcelled Hibernation
  1715 | D:1      | Reached XP level 3. HP: 18/18 MP: 8/8
  1719 | D:1      | Learned a level 3 spell: Confusing Touch
  3604 | D:2      | Found a runed translucent door.
  3605 | D:2      | Noticed Crazy Yiuf
  3644 | D:3      | Reached XP level 4. HP: 22/22 MP: 1/10
  3724 | D:2      | Killed Crazy Yiuf
  4195 | D:3      | Reached XP level 5. HP: 25/25 MP: 12/12
  4376 | D:3      | Learned a level 3 spell: Tukima's Dance
  4378 | D:3      | Reached skill level 6 in Stealth
  4379 | D:3      | Found Kabus's Weapon Shoppe.
  4466 | D:3      | Found a faded altar of an unknown god.
  4471 | D:3      | Found a stormy altar of Qazlal.
  4744 | D:3      | Found a faded altar of an unknown god.
  4830 | D:3      | Noticed an ogre
  4832 | D:3      | Killed an ogre
  5158 | D:4      | Reached XP level 6. HP: 30/30 MP: 12/14
  5737 | D:4      | Reached skill level 7 in Stealth
  5737 | D:4      | Reached skill level 5 in Spellcasting
  5861 | D:4      | Found a sparkling altar of Nemelex Xobeh.
  6006 | D:4      | Found a radiant altar of Vehumet.
  6656 | D:5      | Entered Level 5 of the Dungeon
  6862 | D:5      | Reached XP level 7. HP: 35/35 MP: 16/16
  7463 | D:5      | Reached skill level 8 in Stealth
  7610 | D:5      | Reached skill level 5 in Hexes
  8445 | D:5      | Learned a level 5 spell: Lightning Bolt
  8554 | D:5      | Noticed Eustachio
  8631 | D:6      | Reached skill level 5 in Dodging
  8635 | D:6      | Reached XP level 8. HP: 39/39 MP: 18/18
  8667 | D:6      | Noticed Prince Ribbit
  9207 | D:4      | Reached skill level 9 in Stealth
  9712 | D:6      | Reached skill level 1 in Air Magic
  9904 | D:6      | Noticed Blork the orc
  9910 | D:6      | Killed Blork the orc
 10258 | D:7      | Noticed a manticore
 10265 | D:7      | Killed a manticore
 10266 | D:7      | Reached skill level 10 in Stealth
 10266 | D:7      | Reached skill level 1 in Conjurations
 10486 | D:7      | Found a flagged portal.
 10496 | Bailey   | Entered a bailey
 10529 | Bailey   | Reached XP level 9. HP: 15/44 MP: 11/21
 10781 | Bailey   | Shot with a bolt by an orc

Illustrated notes

Levels and vault maps discovered:
D:1:      dpeg_arrival_tiny_i, layout_basic, serial_shops, nicolae_square_shop
D:2:      layout_basic, kennysheep_cluttered_room, uniq_crazy_yiuf_cottage
D:3:      layout_loops_cross, nicolae_overflow_ecumenical_swirl, serial_shops,
          shop, shapermc_ecumenical_altar_ellora, kennysheep_nondescript
D:4:      layout_layer_cave, mainiacjoe_overflow_alcove_1,
          nicolae_overflow_crystal_walls, minmay_misc_feat_enclosed,
          minmay_mini_ossuary
D:5:      layout_rooms, nicolae_hepliaklqana_hippocampus, uniq_eustachio
D:6:      layout_basic, uniq_prince_ribbit1, uniq_blork_the_orc
D:7:      layout_rooms, general_overflow_altar, temple_hall_moat,
          enter_bailey_5, chequers_serial_rivers_small_3,
          sigmund_edmund_badplayer
Bailey:   bailey_polearm_2, bailey

Skill      XL: |  1  2  3  4  5  6  7  8  9 |
---------------+----------------------------+-----
Spellcasting   | 3 4 5 6 7 |  7.8
Stealth        | 5 6 7 8 10 | 10.3
Fighting       | 1 2 3 |  3.4
Dodging        | 3 4 5 6 |  6.0
Hexes          | 4 5 6 |  6.0
Air Magic      | 1 2 |  2.0
Conjurations   | 1 |  1.6
Short Blades   | |  1.6

Action                   |  1- 3 |  4- 6 |  7- 9 || total
-------------------------+-------+-------+-------++-------
Melee: Dagger            |   231 |    97 |   162 ||   490
       Punch             |     2 |       |       ||     2
 Cast: Ensorcelled Hiber |    21 |    42 |    70 ||   133
       Confusing Touch   |     2 |     5 |    16 ||    23
       Tukima's Dance    |       |       |     6 ||     6
  Use: Scroll            |       |       |     1 ||     1
 Stab: Sleeping          |    19 |    37 |    36 ||    92
       Distracted        |     1 |     1 |       ||     2
       Confused          |     1 |     4 |    10 ||    15
Armor: Robe              |    21 |     2 |     5 ||    28
Dodge: Dodged            |   198 |    38 |    85 ||   321
Block: Other             |       |    12 |    22 ||    34
       Reflection        |       |       |     5 ||     5
